Cogmind - Beta 13 @@@ ROGUE MODE // 2024.03.31 @ 18:03:43 Player: Isopropylpod Result: Self-destructed Performance ------------- Evolutions (2) 1000 Regions Visited (4) 800 Robots Destroyed (26) 130 Value Destroyed (486) 486 Prototype IDs (2) 40 Alien Tech Used (0) 0 Bonus (0) 0 TOTAL SCORE: 2456 Bonus ------- None Cogmind --------- Core Integrity 492/550 Matter 93/300 Energy 122/125 System Corruption 0% Temperature Cool (0) Movement Flying (37) Location -8/Materials Parts ------- > --- POWER (1) -------- Light Ion Engine > --- PROPULSION (4) --- Flight Unit Flight Unit > --- UTILITY (4) ------ Small Storage Unit Signal Interpreter > --- WEAPON (2) ------- (None) > --- INVENTORY (8) ---- Light Ion Engine Light Ion Engine Wheel Advanced Visual Processing Unit Faulty Experimental Sensor Array Medium Laser Light EM Pulse Cannon Rocket Launcher Peak State ------------ > --- POWER ------------ Light Ion Engine > --- PROPULSION ------- Flight Unit Flight Unit Flight Unit > --- UTILITY ---------- Signal Interpreter Decoy Drone Bay > --- WEAPON ----------- Medium Laser Small Laser > --- INVENTORY -------- Light Ion Engine Light Ion Engine Flight Unit Seismic Detector Medium Armor Plating [Rating: 21] Favorites ----------- Power Light Ion Engine Engine Light Ion Engine Propulsion Flight Unit Leg Aluminum Leg Hover Unit Hover Unit Flight Unit Flight Unit Utility Small Storage Unit Device Sensor Array Storage Small Storage Unit Processor Signal Interpreter Weapon Medium Laser Energy Gun Medium Laser Energy Cannon Light EM Pulse Cannon Launcher Rocket Launcher Build | -11 -10 -9 -9 -8 ------- Run | Yrd Mat Mat Min Mat Slots Evolved 4 | . . 2 . 2 Power . | . . . . . Propulsion 2 | . . 1 . 1 Utility 2 | . . 1 . 1 Weapon . | . . . . . Parts Attached 43 | 7 5 11 15 5 Power 6 | 1 1 2 2 . Engine 6 | 1 1 2 2 . Core . | . . . . . Reactor . | . . . . . Propulsion 13 | 2 2 4 4 1 Treads . | . . . . . Leg 2 | 2 . . . . Wheel . | . . . . . Hover 2 | . 2 . . . Flight 9 | . . 4 4 1 Utility 13 | 2 1 4 5 1 Device 10 | 1 1 3 4 1 Storage 2 | 1 . . 1 . Processor 1 | . . 1 . . Hackware . | . . . . . Protection . | . . . . . Artifact . | . . . . . Weapon 11 | 2 1 1 4 3 Energy Gun 8 | 2 1 1 3 1 Energy Cannon 2 | . . . 1 1 Ballistic Gun . | . . . . . Ballistic Cannon . | . . . . . Launcher 1 | . . . . 1 Special Weapon . | . . . . . Impact Weapon . | . . . . . Slashing Weapon . | . . . . . Piercing Weapon . | . . . . . Special Melee Weapon . | . . . . . Unidentified Prototypes 2 | . . . 2 . Parts Lost 9 | . 3 1 1 4 Power 2 | . 1 1 . . Propulsion 4 | . 1 . 1 2 Utility 1 | . . . . 1 Weapon 2 | . 1 . . 1 Highest Loss Streak 4 | . 2 1 1 4 To Critical Strikes . | . . . . . Average Slot Usage (%) 95 | . 99 86 99 82 Engine 12 | . 14 11 11 9 Leg 9 | . 21 . . . Hover 2 | . 5 . . . Flight 18 | . . 30 33 34 Device 13 | . 14 16 10 12 Storage 11 | . 14 11 10 9 Processor 5 | . . 4 11 9 Energy Gun 21 | . 27 12 22 . Naked Turns . | . . . . . Heaviest Build 14 | 13 13 14 12 14 Greatest Support 20 | 20 20 12 12 16 Greatest Overweight (x) 1 | . 1 1 . . Average Overweight (x) . | . . . . . Largest Inventory Capacity 8 | 8 8 8 8 8 Average Capacity 7 | 6 8 8 7 8 Most Carried 8 | 4 7 8 8 8 Average Carried 6 | 2 5 6 7 7 Final Capacity 8 | 8 8 8 8 8 Final Carried 8 | 4 7 8 8 8 Class Distribution -------------------- 53% | Scavenger-Mutant 41% | Mutant 4% | Scavenger-Sprinter Dominant Class ---------------- Mutant | -10/Materials Scavenger-Mutant | -9/Materials Scavenger-Mutant | -9/Mines Scavenger-Sprinter | -8/Materials Resources | -11 -10 -9 -9 -8 ----------- Run | Yrd Mat Mat Min Mat Matter Collected 505 | 270 45 63 127 . Remotely . | . . . . . Salvage Created 694 | 93 352 92 85 72 Parts 45 | 7 15 9 11 3 Haulers Intercepted . | . . . . . Recyclers Shooed 3 | 1 1 1 . . Parts Field Recycled . | . . . . . Retrieved Matter . | . . . . . Parts Self-Destructed . | . . . . . Prevented . | . . . . . Kills | -11 -10 -9 -9 -8 ------- Run | Yrd Mat Mat Min Mat Combat Hostiles Destroyed 18 | . 9 1 6 2 Guns 14 | . 7 1 6 . AOE 2 | . . . . 2 Classes Destroyed 8 | 2 3 2 . 1 Worker 1 | . . . . 1 Tunneler 2 | 1 . 1 . . Recycler 3 | 1 1 . . 1 Operator 1 | . 1 . . . Watcher 1 | . . 1 . . Swarmer 11 | . 5 . 6 . Grunt 4 | . 4 . . . Sentry 3 | . . 1 . 2 Best Kill Streak 4 | 2 4 2 3 4 Combat Bots Only 3 | . 3 1 3 2 Max Kills in Single Turn 2 | 1 1 1 2 1 Gunslinging 1 | . . . 1 . Exploded 1 | . . . . 1 Melee . | . . . . . Uniques/NPCs Destroyed . | . . . . . Combat | -11 -10 -9 -9 -8 -------- Run | Yrd Mat Mat Min Mat Hostile Shots Fired 126 | . 75 8 26 17 Missed 41 | . 22 3 12 4 Damage Taken 906 | . 487 72 122 225 Core 173 | . 94 15 6 58 Absorbed by Shields . | . . . . . Regen/Repaired (Parts) 19 | . . 19 . . Core Remaining (%) 85 | 100 62 . 94 . Volleys Fired 103 | 3 49 31 9 11 Largest 2 | 2 2 2 2 1 Hottest 90 | 90 90 90 90 56 Shots Fired 167 | 6 98 35 17 11 Gun 156 | 6 98 35 17 . Cannon 2 | . . . . 2 Launcher 9 | . . . . 9 Special . | . . . . . Kinetic . | . . . . . Thermal 136 | 3 81 35 17 . Explosive 9 | . . . . 9 Electromagnetic 22 | 3 17 . . 2 Robot Hit Streak 11 | 4 11 4 4 7 Robot Miss Streak 12 | . 12 4 4 1 Penetration Max . | . . . . . Secondary Targets 2 | . . . 2 . Max Gunslinging Chain 1 | . . . 1 . Shots Hit Robots 97 | 4 56 18 10 9 Core Hits 37 | 3 15 5 6 8 Critical Kills . | . . . . . Critical Parts Destroyed . | . . . . . Critical Strikes 5 | . 4 1 . . Burn 5 | . 4 1 . . Melee Attacks . | . . . . . Impact . | . . . . . Slashing . | . . . . . Piercing . | . . . . . Sneak Attacks . | . . . . . Combat Hostiles . | . . . . . Follow-up Attacks . | . . . . . Damage Inflicted 1466 | 51 689 235 112 379 Guns 1087 | 51 689 235 112 . Cannons 38 | . . . . 38 Explosions 341 | . . . . 341 Melee . | . . . . . Ramming . | . . . . . Kinetic . | . . . . . Thermal 960 | 12 601 235 112 . Explosive 341 | . . . . 341 Electromagnetic 165 | 39 88 . . 38 Impact . | . . . . . Slashing . | . . . . . Piercing . | . . . . . Highest Corruption 5 | . . . 5 . Average Corruption 5 | . . . 5 . Corruption Purged . | . . . . . Corruption Blocked . | . . . . . Effects 4 | . . . 4 . Message Errors 1 | . . . 1 . Matter Fused 2 | . . . 2 . Energy Discharges 1 | . . . 1 . Overload Shots . | . . . . . Overflow Damage 4 | . . . . 4 Projectiles . | . . . . . Explosions 4 | . . . . 4 Melee . | . . . . . Knockbacks . | . . . . . Impact . | . . . . . Kinetic . | . . . . . Secondary . | . . . . . Self-Inflicted Damage 33 | . . . . 33 Shots 1 | . . . . 1 Rammed . | . . . . . Targets Rammed . | . . . . . Kicked . | . . . . . Crushed . | . . . . . Highest Temperature 432 | 90 432 122 150 25 Average Temperature 109 | 48 155 40 60 7 Received Heat Transfer 201 | . 120 27 . 54 Effects 5 | . 5 . . . Shutdowns 3 | . 3 . . . Energy Bleed 1 | . 1 . . . Interference 1 | . 1 . . . Siege Activations . | . . . . . Robots Corrupted . | . . . . . Combat Hostiles . | . . . . . Parts Fried . | . . . . . Impact Corruptions . | . . . . . Robots Melted 2 | . 2 . . . Combat Hostiles 2 | . 2 . . . Parts Melted 6 | . 5 . 1 . Heat Transferred 3019 | 37 1919 753 310 . Parts Sabotaged . | . . . . . Parts Stolen . | . . . . . Parts Stripped . | . . . . . Power Chain Reactions . | . . . . . Alert | -11 -10 -9 -9 -8 ------- Run | Yrd Mat Mat Min Mat Peak Influence 253 | 10 251 111 188 253 Initial 72 | . 6 21 43 72 Average 116 | 4 116 75 165 103 Maximum Alert Level 1 | . 1 . . 1 Low Security (%) 93 | 100 85 100 100 92 Level 1 6 | . 14 . . 7 Level 2 . | . . . . . Level 3 . | . . . . . Level 4 . | . . . . . Level 5 . | . . . . . High Security . | . . . . . Max Security . | . . . . . Squads Dispatched 4 | . 2 1 . 1 Investigation 2 | . 1 1 . . Extermination . | . . . . . Reinforcement 1 | . 1 . . . Assault . | . . . . . Garrison 1 | . . . . 1 Intercept . | . . . . . Searches Triggered . | . . . . . Construction Impeded . | . . . . . Haulers Reinforced . | . . . . . Active Scanning Responses . | . . . . . Cargo Convoy Interrupts . | . . . . . Stealth | -11 -10 -9 -9 -8 --------- Run | Yrd Mat Mat Min Mat Distress Signals 2 | . 1 . . 1 Communications Jammed . | . . . . . Distress Signals . | . . . . . Times Spotted 33 | . 15 5 8 5 Peak Tracking Total 4 | . 4 3 3 3 Tactical Retreats 2 | . 2 . . . Traps | -11 -10 -9 -9 -8 ------- Run | Yrd Mat Mat Min Mat Traps Triggered . | . . . . . Indirectly . | . . . . . Trap Hack Attempts . | . . . . . Triggered . | . . . . . Disarmed . | . . . . . Reprogrammed . | . . . . . Reused . | . . . . . Traps Extracted . | . . . . . Installed . | . . . . . Triggered . | . . . . . Machines | -11 -10 -9 -9 -8 ---------- Run | Yrd Mat Mat Min Mat Machines Disabled 4 | . . . . 4 Max in Single Turn 1 | . . . . 1 Machines Repaired . | . . . . . Machines Dismantled . | . . . . . Machines Sabotaged . | . . . . . Overloaded Fab Kills . | . . . . . Hacking | -11 -10 -9 -9 -8 --------- Run | Yrd Mat Mat Min Mat Machines Accessed 8 | . 3 3 1 1 Terminals 4 | . 2 2 . . Fabricators . | . . . . . Repair Stations 1 | . . 1 . . Recycling Units 2 | . 1 . . 1 Scanalyzers . | . . . . . Garrison Access . | . . . . . Total Hacks 15 | . 7 6 1 1 Successful 7 | . 1 4 1 1 Failed 8 | . 6 2 . . Catastrophic 5 | . 4 1 . . Database Lockouts . | . . . . . Manual 7 | . 6 1 . . Terminals 9 | . 6 3 . . Fabricators . | . . . . . Repair Stations 3 | . . 3 . . Recycling Units 2 | . 1 . . 1 Scanalyzers . | . . . . . Garrison Access . | . . . . . Terminal Hacks 2 | . . 1 1 . Open Door 1 | . . . 1 . Branch Access Points 1 | . . 1 . . Fabricator Hacks . | . . . . . Repair Station Hacks 3 | . . 3 . . Scan Component 2 | . . 2 . . Repair 1 | . . 1 . . Recycling Unit Hacks 2 | . 1 . . 1 Report Inventory 2 | . 1 . . 1 Scanalyzer . | . . . . . Garrison Access Hacks . | . . . . . Unauthorized Hacks . | . . . . . Terminals . | . . . . . Fabricators . | . . . . . Repair Stations . | . . . . . Recycling Units . | . . . . . Scanalyzers . | . . . . . Garrison Access . | . . . . . Data Cores Recovered . | . . . . . Used . | . . . . . Hacking Detections 5 | . 2 3 . . Full Trace Events 3 | . 1 2 . . Feedback Events . | . . . . . Feedback Blocked . | . . . . . Robot Schematics Acquired . | . . . . . Robots Built . | . . . . . Authchips . | . . . . . Time . | . . . . . Total Robot Build Rating . | . . . . . Part Schematics Acquired . | . . . . . Parts Built . | . . . . . Authchips . | . . . . . Time . | . . . . . Total Part Build Rating . | . . . . . Parts Repaired 1 | . . 1 . . Time 26 | . . 26 . . Parts Recycled . | . . . . . Recycled Matter . | . . . . . Retrieved Matter . | . . . . . Retrieved Components . | . . . . . Parts Scanalyzed . | . . . . . Part Schematics Acquired . | . . . . . Parts Damaged . | . . . . . Bothacking | -11 -10 -9 -9 -8 ------------ Run | Yrd Mat Mat Min Mat Used RIF Installer . | . . . . . Robots Hacked . | . . . . . Non-combat . | . . . . . Combat . | . . . . . Robot Hacks Applied . | . . . . . Relay Couplers Released . | . . . . . Fabnet Peak Effective % . | . . . . . Robots Rewired . | . . . . . Allies Hacked . | . . . . . Hacks Repelled . | . . . . . Allies | -11 -10 -9 -9 -8 -------- Run | Yrd Mat Mat Min Mat Total Allies . | . . . . . Largest Group . | . . . . . Highest-Rated Group . | . . . . . Highest-Rated Ally . | . . . . . Total Orders . | . . . . . Ally Attacks . | . . . . . Total Damage . | . . . . . Kills . | . . . . . Allies Corrupted . | . . . . . Allies Melted . | . . . . . Intel | -11 -10 -9 -9 -8 ------- Run | Yrd Mat Mat Min Mat Robot Analysis Total . | . . . . . Derelict Logs Recovered 1 | . . . 1 . Drone Launches . | . . . . . Drone Recoveries . | . . . . . Exploration | -11 -10 -9 -9 -8 ------------- Run | Yrd Mat Mat Min Mat Turns Passed 1165 | 79 456 177 361 92 Spaces Moved 1553 | 50 317 178 835 173 Core 5 | 5 . . . . Treads . | . . . . . Legs 217 | 45 172 . . . Wheels . | . . . . . Hover 145 | . 145 . . . Flight 1186 | . . 178 835 173 Fastest Speed 31 | 50 56 34 34 31 Average Speed 48 | 113 92 36 34 31 Slowest Speed 190 | 120 190 114 34 37 Overloaded Moves . | . . . . . Propulsion Burnouts . | . . . . . Robots Hopped 17 | . . 7 10 . Cave-ins Triggered . | . . . . . Exploration Rate (%) 34 | 4 33 30 88 15 Regions Visited 4 Branch Regions 1 Pre-discovered Areas 1 | . . . 1 . Known Exits Taken 2 | . . 1 1 . Unknown Exits Taken 2 | 1 1 . . . Scrap Searched 2 | . . . 2 . Spaces Dug . | . . . . . Terrain Destroyed 73 | . . . . 73 Melee . | . . . . . Projectile . | . . . . . AOE 73 | . . . . 73 Terrain Rammed . | . . . . . Walls Destroyed . | . . . . . Machines Disabled . | . . . . . Actions | -11 -10 -9 -9 -8 --------- Run | Yrd Mat Mat Min Mat Total 1777 | 63 381 246 886 201 Wait 48 | . 4 26 12 6 Move 1518 | 49 316 164 816 173 Hop 14 | . . 6 8 . Pick Up 22 | 4 5 3 8 2 Fast Attach 26 | 7 3 3 13 . Attach 13 | . 2 5 2 4 Detach 6 | . . 3 1 2 Swap 4 | . . 3 . 1 Drop 23 | . 2 2 17 2 Fire 103 | 3 49 31 9 11 Melee . | . . . . . Ram . | . . . . . Kick . | . . . . . Crush . | . . . . . Escape Stasis . | . . . . . Rewire . | . . . . . Trap . | . . . . . Miscellaneous . | . . . . . Route ------- -11/Scrapyard -10/Materials -9/Materials (discovered 2 exits: *Min x2) -9/Mines -8/Materials (discovered 1 exit: *Sto) History --------- Turn | Location | Event 3 | -11/Scrapyard | Discovered new exit (range 15) 80 | -11/Scrapyard | Entered Materials 260 | -10/Materials | Discovered new exit (range 16) 302 | -10/Materials | Build established: Mutant 536 | -10/Materials | Entered another Materials area 536 | -9/Materials | Evolved 2 slots: Propulsion x1, Utility x1 672 | -9/Materials | Repaired Flight Unit 682 | -9/Materials | Identified exit to Mines 713 | -9/Materials | Entered Mines 767 | -9/Mines | Discovered new exit (range 7) 768 | -9/Mines | Identified exit to Materials 836 | -9/Mines | Build established: Scavenger-Mutant 854 | -9/Mines | Found the Drone Emporium 861 | -9/Mines | Found Prototype Device 861 | -9/Mines | Identified Decoy Drone Bay 926 | -9/Mines | Found a damaged Exp. Sensor Array with a note attached 929 | -9/Mines | Found Prototype Device 929 | -9/Mines | Identified Exp. Sensor Array 940 | -9/Mines | Found a hidden stash of uninstalled traps 961 | -9/Mines | Received a Rocket Launcher from a helpful Derelict 1024 | -9/Mines | Learned Materials emergency access door positions 1032 | -9/Mines | Learned location of Storage (-8) 1074 | -9/Mines | Entered Materials 1074 | -8/Materials | Evolved 2 slots: Propulsion x1, Utility x1 1079 | -8/Materials | Discovered new exit (range 10) 1082 | -8/Materials | Identified exit to Storage 1155 | -8/Materials | Garrison activated, responded to threat 1166 | -8/Materials | Self-destructed Last Messages --------------- Recycling Unit disabled. K-01 Serf collects debris. Sensor Array destroyed. K-01 Serf destroyed. The unstable cave ceiling collapses. Destroyed Com. Wheel. R-06 Scavenger calls for garrison support. ALERT: Activating Garrison Access M001. R-06 Scavenger destroyed. Flight Unit destroyed. Destroyed Flight Unit. Flight Unit destroyed. Y-45 Defender destroyed. The unstable cave ceiling collapses. Dropped Rocket Launcher. The unstable cave ceiling collapses. Nuclear Reactor explodes. W-25 Informer sends out distress signal. Acquired Rocket Launcher. Sml. Laser destroyed. Map ----- +----------------------------------------------------+ | | | | | | | | | | | | | | | | | | | | | | | | | | | | | | | | | | | ??????????????????######## # # ??????? | | ##????????????????# """"" ??????? | | !##?????????####### """" ?????? | | !#?????????# + """" ?????? | | #?????????# ##### """" ????? | | ##????????# #???# """"" # ????? | | #????????# #???# % #????? | | #????????# #???# ????? | | #????????# #???# @ # #?????? | | ########## #???#####+# ] ##???????????? | | ## ##+######## #?????????? | | ## # # ### ## #?????????? | | ## """ # """ """ # #?? [ #??#?????????? | | ## """ # """ """ + ##g#??######????????????? | | ## """ # """ """ # #? g????????????????????? | | ## # #w #? ????????????????????? | | ###+############## #? ???????????????????? | | # """???????????????????? | | > + """ ??????????????????? | | #??"? ??????????????????? | | ##########+####### #???????????????????????? | | #+#####???# #???# #???????????????????????? | | #???# #???# #???????????????????????? | | " """ #???# #???# #???????????????????????? | | " """ #???# #???# #???????????????????????? | | " """ #???# #???# #???????????????????????? | | #???# ! #???# #???????????????????????? | | #???########???? #???????????????????????? | | #??????????????? #???????????????????????? | | #??????????????? #???????????????????????? | | #######??????????????? +???????????????????????? | | ?????????????????????? #???????????????????????? | | ?????????????????????? #???????????????????????? | +----------------------------------------------------+ Best States ------------- Heat Dissipation 31 Energy Generation 10 Energy Capacity 250 Matter Stores 300 Matter Capacity 300 Sight Range 16 Robot Scan Range 14 Terrain Scan Density 10 Evasion (%) 63 Item Schematics ----------------- None Robot Schematics ------------------ None Fabricated ------------ Nothing Alien Tech Used ----------------- None Achievements -------------- None Challenges ------------ None Game ------ Seed CommWarpChip Manual? 0 Play Time 00:21:57 Cumulative 6.1 hours Start 2024.03.31 @ 17:29:09 End 2024.03.31 @ 18:03:43 Sessions 2 Manual Loads 0 Difficulty Rogue Special Mode None Game No. 12 Rogue 12 Adventurer 0 Explorer 0 Win Type - Total 0 Types 0/0/0/0/0/0/0/0/0 Lore% 5 Gallery% 12 Achievement% 12 Wizard Run 0 Options --------- Layout 1 ASCII 0 Keyboard 0 Movement Arrows Keybinds 0 Fullscreen 1 Font 32/SmallcapsGlow Map View 50x35 Zoom Use 0% Tactical HUD 0 Map Filters NONE Filters NONE Steam 1 RUN: a33ad510-3aa0-4a70-923b-5d52f3151b0c